 Dungeon Crawl Stone Soup version 0.27-a0-1319-geec4fb4e21 (webtiles) character file.

Game seed: 1416050969770492375

128 Shayle the Sneak (level 4, -1/33 HPs)
             Began as a Demonspawn Enchanter on June 21, 2021.
             Slain by a gnoll (9 damage)
             ... on level 2 of the Dungeon.
             The game lasted 00:11:52 (4167 turns).

Shayle the Sneak (Demonspawn Enchanter)             Turns: 4167, Time: 00:11:52

Health: -1/33      AC:  5    Str: 14    XL:     4   Next: 87%
Magic:  1/7        EV: 12    Int: 18    God:
Gold:   33         SH:  0    Dex: 13    Spells: 4/7 levels left

rFire    . . .     SeeInvis .   a - +1 dagger
rCold    . . .     Faith    .   (no shield)
rNeg     . . .     Spirit   .   b - +0 robe
rPois    .         Reflect  .   (helmet restricted)
rElec    .         Harm     .   (no cloak)
rCorr    .         Rampage  .   (no gloves)
Will     .....                  i - +2 pair of boots
Stlth    +++.......             (no amulet)
HPRegen  0.11/turn              j - +6 ring of strength
MPRegen  0.10/turn              (no ring)

@: no status effects
A: antennae 1, powered by pain 1
a: no special abilities


You were on level 2 of the Dungeon.
You visited 1 branch of the dungeon, and saw 3 of its levels.
You also visited: Sewer.

You collected 99 gold pieces.
You spent 66 gold pieces at shops.

Inventory:

Hand Weapons
 a - a +1 dagger (weapon)
 d - a +0 dire flail
Armour
 b - a +0 robe (worn)
 i - a +2 pair of boots (worn)
 n - a +2 buckler of positive energy
Jewellery
 j - a +6 ring of strength (left hand)
Scrolls
 c - 3 scrolls of teleportation
 h - 2 scrolls of fog {unknown}
Potions
 e - a potion of brilliance {unknown}
 f - a potion of invisibility
 g - 3 potions of magic
 k - a potion of lignification
 l - a potion of curing
 m - 2 potions of haste


   Skills:
 + Level 2.1 Fighting
 - Level 0.8 Short Blades
 + Level 2.7 Dodging
 * Level 4.3 Stealth
 - Level 2.0 Spellcasting
 - Level 3.0 Hexes


You had 4 spell levels left.
You knew the following spells:

 Your Spells              Type           Power      Damage    Failure   Level
a - Corona                Hex            13%        N/A       5%          1
b - Ensorcelled Hibernat  Hex/Ice        14%        N/A       14%         2

Your spell library contained the following spells:

 Spells                   Type           Power      Damage    Failure   Level
 Confusing Touch          Hex            12%        N/A       16%         3
 Tukima's Dance           Hex            12%        N/A       16%         3
 Summon Small Mammal      Summ           4%         N/A       19%         1
 Call Imp                 Summ           1%         N/A       26%         2
 Dazzling Flash           Conj/Hex       14%        N/A       28%         3
 Summon Guardian Golem    Hex/Summ       7%         N/A       28%         3
 Call Canine Familiar     Summ           1%         N/A       47%         3
 Gell's Gravitas          Tloc           0%         N/A       47%         3
 Petrify                  Tmut/Erth      1%         N/A       87%         4
 Summon Ice Beast         Ice/Summ       1%         N/A       87%         4
 Summon Lightning Spire   Summ/Air       1%         N/A       87%         4
 Metabolic Englaciation   Hex/Ice        3%         N/A       95%         5
 Yara's Violent Unravell  Hex/Tmut       3%         3d4       95%         5


Dungeon Overview and Level Annotations

Branches:
Dungeon (3/15)              Sewer (visited)

Altars:

Shops:
D:2 *


Innate Abilities, Weirdness & Mutations

You have a pair of small antennae on your head.
You sometimes gain a little power by taking damage.


Message History

Aim: a gnoll, wielding a +0 spear (chance to affect: 48%)
The gnoll resists with some effort.
Casting: Ensorcelled Hibernation (safe; 14% risk of failure)
Confirm with . or Enter, or press ? or * to list all spells.
Aiming: Ensorcelled Hibernation (safe; 14% risk of failure)
Press: ? - help, Shift-Dir - straight line, f/p - gnoll
Aim: a gnoll, wielding a +0 spear (chance to affect: 48%)
The gnoll looks drowsy...
A gnoll comes into view. It is wielding a +0 spear.
The helpless gnoll fails to defend itself.
You impale the gnoll!!
You kill the gnoll!
There is a stone staircase leading up here.
The gnoll shouts!
Casting: Ensorcelled Hibernation (safe; 14% risk of failure)
Confirm with . or Enter, or press ? or * to list all spells.
Aiming: Ensorcelled Hibernation (safe; 14% risk of failure)
Press: ? - help, Shift-Dir - straight line, f - gnoll
Aim: a gnoll, wielding a +2 whip of electrocution (chance to affect: 48%)
You miscast Ensorcelled Hibernation.
You are very lightly contaminated with residual magic.
Nothing appears to happen.
The gnoll hits you from afar with a +0 spear.
You climb upwards.
There is a stone staircase leading down here.
Casting: Ensorcelled Hibernation (safe; 14% risk of failure)
Confirm with . or Enter, or press ? or * to list all spells.
Aiming: Ensorcelled Hibernation (safe; 14% risk of failure)
Press: ? - help, Shift-Dir - straight line, f - gnoll
Aim: a gnoll, wielding a +2 whip of electrocution (chance to affect: 48%)
The gnoll resists with some effort.
The gnoll barely misses you.
Your magical contamination has completely faded away.
You see here a +2 buckler of positive energy.
n - a +2 buckler of positive energy The gnoll hits you with a +2 whip of electrocution!
You are electrocuted!
The gnoll hits you with a +2 whip of electrocution.
* * * LOW HITPOINT WARNING * * *
You are electrocuted!
You die...

*,**,***,** #........###,*
*,***,,,** ###........#,*
*,,,,,,*### ##.###.#.#.*
***,,,,,..# #.........*
****,*#.# ##.##.#...*
*,*#.# #.#*,#...* #,*#.#
#.#*,#,..* **
#.##.########.#..#..,* *,
#......)...@g........* *,
####.####.∩.#.#.###.#* *,
#.####...#.#.#**,* *,
#......#....,.**,* *,
#########..#######.#..#*,*
*, ...........# #.....,,*
*, ...........# ###..##,*
*, ..########## *..#*,* *,
..#### **,.#*,* *,


You could see a gnoll.

Vanquished Creatures
  A gnoll (D:3)
  4 adders
  An ufetubus (D:3)
  5 dart slugs
  6 ball pythons
  5 endoplasms
  3 giant cockroaches
  5 goblins
  4 hobgoblins (D:1)
  10 jackals (Sewer)
  A quokka (D:2)
  5 bats
  4 frilled lizards
  11 kobolds
  2 rats (D:1)
67 creatures vanquished.

Vanquished Creatures (others)
  15 plants (Sewer)
15 creatures vanquished.

Grand Total: 82 creatures vanquished

Notes
Turn   | Place    | Note
-------+----------+-------------------------------------------
     0 | D:1      | Shayle the Demonspawn Enchanter began the quest for the
                  | Orb.
     0 | D:1      | Reached XP level 1. HP: 13/13 MP: 3/3
   129 | D:1      | Reached skill level 3 in Stealth
   421 | D:1      | Gained mutation: You have a pair of small antennae on your
                  | head. [demonic ancestry]
   421 | D:1      | Reached XP level 2. HP: 20/20 MP: 5/5
   644 | D:1      | Found a faded altar of an unknown god.
   979 | D:1      | Reached skill level 1 in Fighting
  1179 | D:1      | Learned a level 2 spell: Ensorcelled Hibernation
  1287 | D:1      | Gained mutation: You sometimes gain a little power by
                  | taking damage. [demonic ancestry]
  1287 | D:1      | Reached XP level 3. HP: 13/26 MP: 6/6
  2140 | D:2      | Found Dadwa's Assorted Antiques.
  2146 | D:2      | Bought a fizzy clear potion for 16 gold pieces
  2146 | D:2      | Bought a scroll labelled ZIF XAWEXKIDIKH for 18 gold pieces
  2146 | D:2      | Bought a viscous green potion for 16 gold pieces
  2146 | D:2      | Bought a lumpy ruby potion for 16 gold pieces
  2148 | D:2      | You fall into a shaft and drop 1 floor!
  2516 | D:3      | Found a glowing drain.
  2532 | D:3      | Reached XP level 4. HP: 15/32 MP: 4/7
  2541 | Sewer    | Entered a sewer
  2884 | Sewer    | Reached skill level 4 in Stealth
  4167 | D:2      | Slain by a gnoll

Illustrated notes

Levels and vault maps discovered:
D:1:      lightli_arrival_farm, layout_basic, ebering_ecumenical_altar_box
D:2:      layout_loops_ring, serial_shops, nicolae_shop_stone
D:3:      layout_loops_cross, portal_sewer_entry_d, dk_noncrumbling_4

Skill      XL: |  1  2  3  4 |
---------------+-------------+-----
Dodging        | 2 |  2.7
Stealth        | 3 4 |  4.3
Fighting       | 1 2 |  2.1
Short Blades   | |  0.8
Spellcasting   | |  2.0
Hexes          | |  3.0

Action                   |  1- 3 |  4- 6 || total
-------------------------+-------+-------++-------
Melee: Dagger            |    13 |   124 ||   137
       Dire flail        |   112 |       ||   112
 Cast: Ensorcelled Hiber |     2 |    20 ||    22
       Corona            |     1 |       ||     1
  Use: Scroll            |     6 |     3 ||     9
       Potion            |     2 |       ||     2
 Stab: Sleeping          |     9 |    15 ||    24
Armor: Robe              |    35 |    38 ||    73
Dodge: Dodged            |    89 |    70 ||   159

Table legend: (Time is in decaauts)
 A = Elapsed time spent in this place.
 B = Non-inter-level travel time spent in this place.
 C = Inter-level travel time spent in this place.
 D = Time resting spent in this place.
 E = Time spent auto-exploring this place.
 F = Levels seen in this place.
 G = Mean time per level.
                   A        B        C        D        E       F      G
               +--------+--------+--------+--------+--------+-----+--------+
         Total |   4434 |   4359 |     75 |   1075 |   1746 |   4 | 1108.5 |
       Dungeon |   3129 |   3054 |     75 |    788 |   1339 |   3 | 1043.0 |
         Sewer |   1304 |   1304 |      0 |    287 |    406 |   1 | 1304.0 |
               +--------+--------+--------+--------+--------+-----+--------+

Top non-repeatable levels by time:
     D:1: 1972 daAuts
   Sewer: 1304 daAuts
     D:3: 916 daAuts
     D:2: 240 daAuts
